 Dungeon Crawl Stone Soup version 0.31-a0-836-g3ceb0a68c4 (webtiles) character file.

Game seed: 4997046029838864432

931 PimpSugar the Magician (level 7, 0/51 HPs)
             Began as a Demonspawn Hedge Wizard on Sept 26, 2023.
             Succumbed to a scorpion's poison
             ... on level 6 of the Dungeon.
             The game lasted 00:20:35 (4985 turns).

PimpSugar the Magician (Demonspawn Hedge Wizard)    Turns: 4985, Time: 00:20:36

Health: 0/51       AC:  8    Str: 11    XL:     7   Next: 86%
Magic:  13/14      EV: 12    Int: 17    God:
Gold:   331        SH:  0    Dex: 12    Spells: 10/15 levels left

rFire   . . .        n - +1 dagger (protect)
rCold   . . .        (no shield)
rNeg    . . .        b - +0 robe
rPois   .            (helmet unavailable)
rElec   .            E - +1 cloak
rCorr   .            y - +0 pair of gloves
SInv    .            (no boots)
Will    .....        (no amulet)
Stlth   ++           (no ring)
HPRegen 0.28/turn    (no ring)
MPRegen 0.14/turn

%: no passive effects
@: brilliant, lethally poisoned (0 -> -13), hasted, very quick
A: horns 3, thin metallic scales 2
a: no special abilities


You were on level 6 of the Dungeon.
You visited 2 branches of the dungeon, and saw 8 of its levels.

You collected 331 gold pieces.

Inventory:

Hand Weapons
 a - a +0 dagger
 n - a +1 dagger of protection (weapon)
Missiles
 f - 4 boomerangs
 h - 11 poisoned darts
 k - 27 stones
Armour
 b - a +0 robe (worn)
 c - a +0 hat
 y - a +0 pair of gloves (worn)
 E - a +1 cloak (worn)
Magical Staves
 p - a staff of fire
 D - a staff of earth
Scrolls
 e - a scroll of silence {unknown}
 g - a scroll of summoning
 i - a scroll of fog {unknown}
 q - 2 scrolls of teleportation
 r - 2 scrolls of vulnerability
 u - a scroll of amnesia
 v - a scroll of brand weapon {unknown}
 A - a scroll of enchant armour {unknown}
 C - a scroll of immolation {unknown}
Potions
 d - 3 potions of magic
 l - a potion of attraction
 o - a potion of cancellation (quivered)
 s - a potion of might {unknown}
 x - 2 potions of degeneration
 z - 3 potions of berserk rage


   Skills:
 + Level 2.5 Fighting
 - Level 1.7 Dodging
 - Level 1.7 Stealth
 * Level 4.8 Spellcasting
 * Level 4.0 Conjurations
 + Level 2.8 Summonings
 * Level 3.6 Translocations
 + Level 2.0 Fire Magic
 + Level 2.2 Evocations


You had 10 spell levels left.
You knew the following spells:

 Your Spells              Type           Power      Damage    Failure   Level
a - Magic Dart            Conj           100%       1d8       2%          1
b - Call Imp              Summ           40%        N/A       7%          2
e - Blink                 Tloc           48%        N/A       4%          2

Your spell library contained the following spells:

 Spells                   Type           Power      Damage    Failure   Level
 Lesser Beckoning         Tloc           48%        N/A       4%          2
 Momentum Strike          Conj/Tloc      50%        3d9       4%          2
 Slow                     Hex            24%        N/A       14%         1
 Cigotuvi's Dreadful Rot  Necr/Pois/Air  12%        N/A       22%         2
 Mephitic Cloud           Conj/Pois/Air  13%        N/A       26%         3
 Manifold Assault         Tloc           24%        N/A       32%         4
 Dispersal                Tloc           12%        N/A       99%         6
 Disjunction              Tloc           12%        N/A       100%        8


Dungeon Overview and Level Annotations

Branches:
Dungeon (7/15)             Temple (1/1) D:7

Altars:
Ashenzari
Cheibriados
Dithmenos
Fedhas
Gozag
Kikubaaqudgha
Nemelex Xobeh
Ru
Sif Muna
Trog
Uskayaw
Yredelemnul

Annotations:
D:5 2 runed translucent doors, ryw's ghost, novice HuFi


Innate Abilities, Weirdness & Mutations

You have a pair of large horns on your head.
You are mostly covered in thin metallic scales. (AC +3)


Message History

The scorpion stings you but does no damage.
The scorpion stings you.
You are more poisoned.
The scorpion poisons you!
Your cerulean imp hits the scorpion but does no damage.
You closely miss the scorpion. Your headbutt misses the scorpion.
The scorpion is lightly wounded.
You feel extremely sick. The scorpion stings you.
You are lethally poisoned!
The scorpion poisons you! The scorpion barely misses you.
Your cerulean imp barely misses the scorpion.
You barely miss the scorpion.
The scorpion is lightly wounded.
You feel extremely sick. The scorpion misses you.
The scorpion stings you but does no damage.
Your cerulean imp hits the scorpion with a -3 spear.
* * * LOW HITPOINT WARNING * * *
You feel very sick. The scorpion closely misses you.
Your cerulean imp closely misses the scorpion.
The scorpion closely misses you. The scorpion stings you.
* * * LOW HITPOINT WARNING * * *
Blink to where?
Press: ? - help, Dir - move target
Okay, then.
Blink to where?
Press: ? - help, Dir - move target A bullfrog comes into view.
As you read the scroll of blinking, it crumbles to dust.
* * * LOW HITPOINT WARNING * * *
You feel very sick.
Your cerulean imp hits the scorpion from afar with a -3 spear.
It was a potion of brilliance.
You feel clever all of a sudden.
* * * LOW HITPOINT WARNING * * *
You feel very sick.
It was a potion of haste.
You feel yourself speed up.
You die...

**,,,** #..# **,,***
*,,,,** #..# **,/#*
* **,,F,*
#..#####..#* ***
**,..** #.........#
,,** **...**
##....5..## ,,,**
**#..##*
#.ss.....#** *,,,**
#....###......)...#*
**,,,**
*#.................*
**,,,*
*#...@.........(..*
**,,**
###..............*
*,,,*
###.......#....*
**,,,*
*#######**,,,*
**,,,** **,,**
*,,*** **,,*** **,**
**,,,, *,** *****
,**


You could see a bullfrog (asleep), 2 scorpions and a friendly cerulean imp
(summoned).

Vanquished Creatures
  A black bear (D:5)
  A phantom (D:5)
  A bullfrog (D:7)
  3 scorpions
  6 hounds
  A jelly (D:7)
  A sleepcap (D:5)
  3 iguanas (D:5)
  3 adders
  2 dart slugs
  5 orcs
  4 endoplasms
  5 giant cockroaches
  4 goblins
  9 hobgoblins
  2 jackals (D:2)
  7 kobolds
  A quokka (D:2)
  4 ball pythons
  8 bats
  A frilled lizard (D:2)
  5 rats
77 creatures vanquished.

Vanquished Creatures (collateral kills)
  A jelly (D:6)
  An orc priest (D:5)
  2 adders
  A white imp (D:5)
  A worm (D:3)
  3 dart slugs
  3 orcs
  2 endoplasms (D:1)
  A jackal (D:2)
  2 quokkas
  A ball python (D:2)
  2 bats (D:1)
  A kobold (D:3)
21 creatures vanquished.

Grand Total: 98 creatures vanquished

Notes
Turn   | Place    | Note
-------+----------+-------------------------------------------
     0 | D:1      | PimpSugar the Demonspawn Hedge Wizard began the quest for
                  | the Orb.
     0 | D:1      | Reached XP level 1. HP: 13/13 MP: 4/4
   228 | D:1      | Gained mutation: You are partially covered in thin metallic
                  | scales. (AC +2) [demonic ancestry]
   228 | D:1      | Reached XP level 2. HP: 20/20 MP: 1/6
   335 | D:1      | Learned a level 2 spell: Call Imp
   338 | D:1      | Learned a level 2 spell: Blink
   486 | D:1      | Reached skill level 1 in Translocations
   497 | D:1      | Found a faded altar of an unknown god.
   828 | D:1      | Gained mutation: You have a pair of small horns on your
                  | head. [demonic ancestry]
   828 | D:1      | Reached XP level 3. HP: 21/25 MP: 5/7
  1241 | D:2      | Reached skill level 1 in Fighting
  1883 | D:3      | Reached XP level 4. HP: 31/32 MP: 9/9
  2497 | D:3      | Found a blossoming altar of Fedhas.
  2732 | D:4      | Gained mutation: You are mostly covered in thin metallic
                  | scales. (AC +3) [demonic ancestry]
  2732 | D:4      | Reached XP level 5. HP: 33/37 MP: 5/10
  2779 | D:4      | Found a broken altar of Ashenzari.
  2808 | D:4      | Reached skill level 1 in Fire Magic
  2808 | D:4      | Reached skill level 1 in Evocations
  2808 | D:4      | You fall into a shaft and drop 3 floors!
  2913 | D:7      | Gained mutation: You have a pair of horns on your head.
                  | [demonic ancestry]
  2913 | D:7      | Reached XP level 6. HP: 17/44 MP: 5/12
  3012 | D:7      | Found a staircase to the Ecumenical Temple.
  3025 | Temple   | Entered the Ecumenical Temple
  3208 | D:5      | Entered Level 5 of the Dungeon
  3887 | D:4      | Gained mutation: You have a pair of large horns on your
                  | head. [demonic ancestry]
  3887 | D:4      | Reached XP level 7. HP: 50/50 MP: 13/13
  4055 | D:4      | Found a sparkling altar of Nemelex Xobeh.
  4602 | D:5      | Found a large runed translucent door.
  4603 | D:5      | Found a large runed translucent door.
  4606 | D:5      | Noticed ryw's ghost (novice HuFi)
  4984 | D:6      | HP: 2/51 [poisoned by a scorpion]
  4985 | D:6      | Succumbed to a scorpion's poison

Illustrated notes

Levels and vault maps discovered:
D:1:      psy_arrival_conway, layout_loops_ring,
          hellmonk_ecumenical_altar_crossroads
D:2:      layout_rooms
D:3:      layout_basic, fedhas_altar_fruit_tree
D:4:      layout_cave_pools, lemuel_round_altar, general_overflow_altar
D:5:      layout_cave_pools, ebering_ghost_disaster_area
D:6:      layout_layer_cave, uniq_duvessa
D:7:      cheibrodos_quashed, layout_cave_pools, dreamdust_divine_triumvirate,
          nicolae_wu_jian_wuxing_cycle, temple_statues, grunt_ministairs_12,
          nicolae_phantomly_mirrored
Temple:   chequers_temple_sunken

Skill      XL: |  1  2  3  4  5  6  7 |
---------------+----------------------+-----
Translocations | 1 2 3 |  3.6
Fighting       | 1 2 |  2.5
Conjurations   | 2 3 4 |  4.0
Fire Magic     | 1 2 |  2.0
Evocations     | 1 2 |  2.2
Summonings     | 2 |  2.8
Spellcasting   | 4 |  4.8
Dodging        | |  1.7
Stealth        | |  1.7

Action                     |  1- 3 |  4- 6 |  7- 9 || total
---------------------------+-------+-------+-------++-------
  Melee: Dagger            |   111 |   139 |   102 ||   352
         Staff             |    16 |       |       ||    16
         Headbutt          |    13 |    22 |    21 ||    56
         Punch             |       |     1 |       ||     1
   Cast: Magic Dart        |    46 |    32 |     4 ||    82
         Call Imp          |     7 |    19 |     8 ||    34
         Blink             |     1 |     1 |       ||     2
    Use: Scroll            |     6 |     2 |     6 ||    14
         Potion            |       |     1 |     3 ||     4
   Stab: Sleeping          |     3 |     2 |     1 ||     6
         Distracted        |     1 |     1 |       ||     2
 Armour: Robe              |    81 |   122 |    95 ||   298
  Dodge: Dodged            |    86 |   119 |    77 ||   282

Table legend: (Time is in decaauts)
 A = Elapsed time spent in this place.
 B = Non-inter-level travel time spent in this place.
 C = Inter-level travel time spent in this place.
 D = Time resting spent in this place.
 E = Time spent auto-exploring this place.
 F = Levels seen in this place.
 G = Mean time per level.
                   A        B        C        D        E       F      G
               +--------+--------+--------+--------+--------+-----+--------+
         Total |   5020 |   4566 |    454 |    541 |   2457 |   8 |  627.5 |
       Dungeon |   4873 |   4527 |    346 |    541 |   2457 |   7 |  696.1 |
        Temple |    147 |     39 |    108 |      0 |      0 |   1 |  147.0 |
               +--------+--------+--------+--------+--------+-----+--------+

Top non-repeatable levels by time:
     D:1: 1058 daAuts
     D:4: 995 daAuts
     D:5: 886 daAuts
     D:2: 820 daAuts
     D:3: 711 daAuts
     D:7: 267 daAuts
  Temple: 147 daAuts
     D:6: 133 daAuts
